 Dungeon Crawl Stone Soup version 0.21.1-1-g345015f (webtiles) character file.

139 troglodite the Skirmisher (level 5, 0/42 HPs)
             Began as a Demonspawn Berserker on Feb 7, 2018.
             Was a Believer of Trog.
             Slain by shakethe's ghost (8 damage)
             ... on level 3 of the Dungeon.
             The game lasted 00:05:46 (1719 turns).

troglodite the Skirmisher (Demonspawn Berserker)    Turns: 1719, Time: 00:05:46

Health: 0/42       AC:  3    Str: 18    XL:     5   Next: 1%
Magic:  5/5        EV: 11    Int:  8    God:    Trog [**....]
Gold:   109        SH:  0    Dex: 13    Spells: 4/4 levels left

rFire    . . .     SeeInvis .   j - -2 whip (curse)
rCold    . . .     Gourm    .   (no shield)
rNeg     . . .     Faith    .   g - +0 ring mail
rPois    .         Spirit   .   q - +0 helmet (curse)
rElec    .         Reflect  .   (no cloak)
rCorr    .         Harm     .   (no gloves)
MR       .....                  m - +0 pair of boots (curse)
Stlth    ..........             (no amulet)
HPRegen  0.14/turn              p - -6 ring of protection (curse)
MPRegen  0.09/turn              (no ring)

@: confused, berserk cooldown, slowed, heavily drained, very slow
A: hooves 1, molten scales 1, spiny 1
a: Berserk, Trog's Hand, Burn Spellbooks, Renounce Religion


You were on level 3 of the Dungeon.
You worshipped Trog.
Trog was pleased with you.
You were hungry.

You visited 1 branch of the dungeon, and saw 3 of its levels.

You collected 109 gold pieces.

Inventory:

Hand Weapons
 a - a +0 falchion
 e - a +1 whip of electrocution
 j - a cursed -2 whip (weapon)
Armour
 g - a +0 ring mail (worn)
 m - a cursed +0 pair of boots (worn)
 q - a cursed +0 helmet (worn)
Jewellery
 p - a cursed -6 ring of protection (left hand)
Scrolls
 b - 3 scrolls of blinking
 h - a scroll of amnesia {unknown}
 n - a scroll of magic mapping
Potions
 d - 2 potions of curing
 i - a potion of resistance {unknown}
 l - a potion of brilliance {unknown}
 o - a potion of degeneration {unknown}
Comestibles
 c - 4 rations
 f - 17 chunks of flesh


   Skills:
 * Level 3.8(2.5) Fighting
 + Level 3.3(2.0) Long Blades
 + Level 1.1(0.0) Maces & Flails
 * Level 2.8(1.5) Armour
 * Level 2.5(1.2) Dodging
 + Level 0.1(0.0) Stealth


You had 4 spell levels left.
You didn't know any spells.

Dungeon Overview and Level Annotations

Branches:
Dungeon (3/15)

Altars:

Annotations:
D:3 Ijyb; shakethe's ghost, amateur FoAK


Innate Abilities, Weirdness & Mutations

You have large cloven feet.
You are partially covered in molten scales. (AC +2)
You are partially covered in sharp spines.


Message History

The goblin shouts!
Shakethe's ghost closely misses you.
Ijyb zaps a wand.
Your will is overpowered!
You are more confused.
Shakethe's ghost barely misses you. Shakethe's ghost misses you.
Ijyb zaps a wand.
Your will is overpowered!
You are more confused.
Shakethe's ghost hits you!
Ijyb zaps a wand.
You resist with some effort.
You're too confused to move!
The goblin unwields an uncursed club.
The goblin wields a hunting sling.
The goblin shoots a stone.
The stone barely misses you.
Shakethe's ghost is struck by your spines.
Shakethe's ghost hits you!
* * * LOW HITPOINT WARNING * * *
Ijyb screams, "It's all mine!"
Shakethe's ghost is struck by your spines.
Shakethe's ghost hits you.
* * * LOW HITPOINT WARNING * * *
The goblin shoots a stone.
The stone misses you.
Ijyb zaps a wand.
You resist with some effort. Shakethe's ghost hits you!
You die...

** **,,,..........## ,*
*,,,,...........# ,*
*,,,,...........# ,*
*,,,,...........#
,****,,,,...........#
,,,,*,,.............# **###*
,,,,**,,...........####*.!..* *
,,,,***,....#(..Wgg...##....*****
,,,.,,,,,.......@........(?.,,,,,
,,,,.###*#.####(............***,,
,,,,....##.####.)....)......,*,,,
**#####.......#)))..........,,,,,
#.........#...)...........,,,,,
#.........##.))(..........,**,,
#.........###.......<.####,,,,,
#.........# #.....(...# *..,,,,
#.........###.........###.#*,,,


You could see Ijyb, shakethe's ghost and a goblin.

Vanquished Creatures
  Robin (D:3)
  4 gnolls (D:2)
  3 adders
  A worm (D:2)
  4 dart slugs (D:1)
  6 giant cockroaches
  11 goblins
  5 hobgoblins
  A quokka (D:2)
  A ball python (D:1)
  5 bats
  A frilled lizard (D:1)
  5 kobolds
  4 rats
52 creatures vanquished.

Notes
Turn   | Place    | Note
-------+----------+-------------------------------------------
     0 | D:1      | troglodite the Demonspawn Berserker began the quest for the Orb.
     0 | D:1      | Reached XP level 1. HP: 18/18 MP: 1/1
   219 | D:1      | Gained mutation: You have large cloven feet. [demonic ancestry]
   219 | D:1      | Reached XP level 2. HP: 6/24 MP: 2/2
   802 | D:1      | Gained mutation: You are partially covered in sharp spines. [demonic ancestry]
   802 | D:1      | Reached XP level 3. HP: 29/29 MP: 3/3
  1051 | D:2      | Reached ** piety under Trog
  1095 | D:2      | Reached skill level 1 in Maces & Flails
  1095 | D:2      | Gained mutation: You are partially covered in molten scales. (AC +2) [demonic ancestry]
  1095 | D:2      | Reached XP level 4. HP: 35/35 MP: 4/4
  1549 | D:3      | Noticed Robin
  1563 | D:3      | Killed Robin
  1570 | D:3      | Reached XP level 5. HP: 30/42 MP: 5/5
  1701 | D:3      | Noticed shakethe's ghost (amateur FoAK)
  1704 | D:3      | Noticed Ijyb
  1719 | D:3      | Slain by shakethe's ghost

Skill      XL: |  1  2  3 |
---------------+----------+-----
Dodging        | 2 |  2.5
Armour         | 2 |  2.8
Long Blades    | 3 |  3.3
Maces & Flails | 1 |  1.1
Fighting       | |  3.8
Stealth        | |  0.1

Action                   |  1- 3 |  4- 6 || total
-------------------------+-------+-------++-------
Melee: Falchion          |    16 |       ||    16
       Whip              |    52 |    40 ||    92
       Kick              |     7 |     5 ||    12
Invok: Berserk           |     2 |     2 ||     4
  Use: Scroll            |       |     6 ||     6
  Eat: Chunk             |     1 |     4 ||     5
Armor: Animal skin       |     8 |       ||     8
       Ring mail         |    13 |    20 ||    33
Dodge: Dodged            |    40 |    37 ||    77
       Rpst.: Falchion   |     4 |       ||     4
